Map: Podwodny Świat ER

Players

ZipperTheFly

  • Race: Terran Terran
  • League: Grandmaster
  • Spawn Location: 5:00

Krystianer - Winner!

  • Race: Protoss Protoss
  • League: Grandmaster
  • Spawn Location: 11:00

Event: DreamHack SC2 Masters 2020 Winter

VOD

Have the link to the VOD?

Description

Time

  • Played on: Oct. 18, 2020, 2:56 p.m.
  • Length: 10:07

All games in this series

Show
View Real Time Build Order
Export as new Build Order

ZipperTheFly Terran 

Build Orders:  

Get SALT Encoding   

  12  0:00  SCV  
  13  0:12  SCV  
  14  0:17  Supply Depot  
  14  0:24  SCV  
  15  0:38  SCV  
  15  0:39  Barracks  
  16  0:43  Refinery  
  16  0:50  SCV  
  16  0:54  Refinery  
  17  1:02  SCV  
  18  1:09  Supply Depot  
  18  1:14  SCV  
  19  1:26  Reaper  
  19  1:27  Orbital Command  
  20  1:41  Factory  
  20  1:53  SCV  
  21  1:59  Reaper  
  22  2:05  SCV  
  23  2:18  SCV  
  24  2:25  Hellion  
  24  2:27  Command Center  
  26  2:30  SCV  
  26  2:35  Supply Depot  
  27  2:42  SCV, Barracks Reactor  
  28  2:45  Barracks  
  28  2:48  Factory Tech Lab  
  28  2:54  SCV  
  29  3:06  SCV  
  33  3:14  Siege Tank  
  33  3:18  SCV  
  34  3:23  Marine x2  
  36  3:31  SCV  
  36  3:33  Starport, Barracks Tech Lab  
  37  3:38  Orbital Command  
  37  3:41  Marine x2  
  37  3:43  SCV  
  37  3:46  Siege Tank  
  43  3:54  Stimpack  
  43  3:55  SCV  
  43  3:56  Orbital Command  
  44  4:02  Marine  
  44  4:03  Marine  
  44  4:07  Engineering Bay  
  44  4:08  SCV  
  47  4:11  Starport Tech Lab  
  47  4:20  SCV  
  48  4:24  SCV  
  48  4:25  Supply Depot  
  48  4:28  Marine  
  48  4:29  Marine  
  51  4:32  SCV  
  51  4:36  SCV  
  53  4:44  Supply Depot  
  53  4:46  Raven  
  53  4:47  SCV, Supply Depot  
  56  4:53  SCV  
  56  4:57  Refinery  
  56  4:59  SCV  
  58  5:04  Barracks  
  58  5:05  Siege Tank  
  61  5:07  SCV  
  61  5:11  SCV  
  61  5:12  Refinery  
  62  5:23  Marauder  
  62  5:24  SCV x2  
  62  5:28  Marine x2  
  67  5:41  Combat Shield  
  66  5:43  SCV x2, Terran Infantry Weapons Level 1  
  66  5:46  Supply Depot  
  71  5:52  Marine x2  
  71  5:55  SCV  
  71  5:57  SCV, Starport Reactor  
  71  6:01  Factory Reactor  
  70  6:09  SCV  
  71  6:12  Marauder x2  
  71  6:13  SCV  
  71  6:17  Concussive Shells  
  76  6:18  Supply Depot  
  76  6:22  Marine x2  
  78  6:25  SCV  
  76  6:33  Marauder  
  76  6:34  Marauder  
  76  6:37  Supply Depot  
  76  6:38  SCV x2  
  82  6:40  Supply Depot, Marine x2  
  82  6:41  Medivac  
  82  6:42  Medivac  
  82  6:43  Widow Mine x2  
  92  6:49  Command Center  
  92  6:59  Marauder x2, Marine x2  
  95  7:06  Widow Mine  
  95  7:07  Widow Mine  
  98  7:18  Medivac x2  
  98  7:21  Barracks x2  
  102  7:41  SCV x2, Marauder, Marine x2  
  102  7:42  Supply Depot x2, Marauder  
  110  8:01  SCV, Widow Mine x2  
  110  8:05  Ghost Academy  
  115  8:11  SCV  
  115  8:12  Marine x2  
  116  8:13  Marauder x2  
  116  8:14  Liberator x2  
  116  8:17  SCV  
  130  8:31  Barracks Reactor  
  130  8:33  Barracks Tech Lab  
  129  8:34  Enhanced Shockwaves, SCV x2  
  127  8:53  SCV  
  124  8:57  Orbital Command  
  124  9:03  SCV  
  124  9:07  SCV  
  124  9:08  Ghost x2, Refinery  
  124  9:09  Marine x2  
  132  9:10  Ghost, Marine x2  
  132  9:11  Refinery  
  132  9:14  Viking  
  132  9:16  SCV, Viking  
  141  9:21  SCV  
  142  9:24  Missile Turret  
  142  9:29  SCV  
  103  9:49  Marine  
Show
View Real Time Build Order
Export as new Build Order

Krystianer Protoss - Winner!

Build Orders: 1 Gate Expand, Zealot Archon, Colossus Rush 

Get SALT Encoding   

  12  0:00  Probe  
  13  0:12  Probe  
  14  0:16  Pylon  
  14  0:24  Probe (Chrono Boost)  
  16  0:35  Gateway  
  16  0:36  Probe (Chrono Boost)  
  16  0:42  Probe (Chrono Boost)  
  16  0:45  Assimilator  
  17  0:50  Probe  
  18  1:03  Probe  
  19  1:15  Probe  
  20  1:21  Nexus  
  20  1:30  Cybernetics Core  
  20  1:34  Probe  
  20  1:38  Assimilator  
  21  1:46  Probe  
  22  1:48  Pylon  
  22  1:58  Probe  
  23  2:03  Adept (Chrono Boost)  
  23  2:07  Warp Gate  
  25  2:10  Probe  
  26  2:16  Robotics Facility  
  26  2:22  Probe  
  27  2:24  Stalker (Chrono Boost)  
  29  2:35  Shield Battery  
  29  2:38  Probe (Chrono Boost)  
  29  2:40  Probe (Chrono Boost)  
  30  2:50  Probe (Chrono Boost)  
  32  2:53  Probe (Chrono Boost), Stalker  
  32  2:55  Probe (Chrono Boost)  
  35  3:01  Probe  
  36  3:06  Gateway  
  36  3:09  Probe  
  37  3:16  Probe  
  38  3:21  Probe  
  38  3:24  Observer  
  40  3:29  Probe  
  40  3:31  Robotics Bay, Pylon  
  40  3:33  Probe  
  43  3:42  Probe (Chrono Boost)  
  43  3:45  Probe (Chrono Boost)  
  43  3:50  Warp Prism (Chrono Boost)  
  43  3:55  Stalker  
  49  3:57  Probe (Chrono Boost)  
  49  3:58  Probe (Chrono Boost)  
  49  3:59  Assimilator  
  49  4:01  Probe (Chrono Boost), Pylon  
  49  4:06  Probe  
  51  4:12  Probe  
  52  4:18  Pylon, Colossus (Chrono Boost)  
  58  4:25  Gravitic Drive  
  58  4:31  Pylon  
  58  4:40  Gateway  
  57  4:57  Colossus (Chrono Boost), Gateway  
  57  4:59  Twilight Council  
  63  5:06  Gateway  
  63  5:28  Nexus  
  63  5:30  Pylon  
  63  5:31  Gateway  
  63  5:32  Charge (Chrono Boost)  
  63  5:34  Gateway  
  63  5:36  Probe  
  63  5:37  Probe  
  65  5:47  Templar Archives  
  65  5:49  Sentry, Zealot  
  69  5:53  Zealot  
  69  5:55  Zealot  
  69  5:56  Probe  
  74  5:58  Probe, Gateway  
  75  6:08  Probe  
  75  6:10  Probe  
  77  6:20  Probe  
  77  6:21  Zealot x3  
  77  6:22  Probe  
  86  6:33  Probe (Chrono Boost)  
  86  6:41  Colossus (Chrono Boost)  
  86  6:42  Probe (Chrono Boost)  
  86  6:45  Probe (Chrono Boost), Stalker x2  
  99  6:50  Probe (Chrono Boost)  
  99  6:51  Probe (Chrono Boost)  
  101  6:54  Probe (Chrono Boost)  
  101  7:04  Pylon  
  101  7:05  Pylon x2  
  101  7:07  Pylon  
  101  7:08  Extended Thermal Lance  
  101  7:22  Probe x2  
  103  7:23  High Templar x2  
  103  7:24  Zealot x4  
  103  7:25  Zealot x2  
  103  7:26  Shield Battery, Forge  
  103  7:29  Pylon  
  119  7:31  Archon  
  119  7:34  Pylon  
  119  7:37  Probe  
  120  7:45  Colossus (Chrono Boost)  
  120  7:48  Assimilator  
  120  7:49  Pylon  
  120  7:51  Zealot x3  
  130  7:52  Probe, Assimilator  
  130  7:53  Probe  
  130  7:54  Probe  
  135  7:58  Pylon  
  135  7:59  Sentry  
  135  8:04  Probe  
  138  8:07  Probe, Stalker, Protoss Ground Armor Level 1 (Chrono Boost)  
  138  8:12  Photon Cannon  
  138  8:14  Photon Cannon  
  138  8:20  Probe  
  139  8:28  Pylon  
  139  8:33  Probe  
  139  8:34  Probe  
  141  8:43  Photon Cannon  
  135  8:56  Zealot  
  135  8:57  Zealot x7  
  151  9:14  Nexus  
  151  9:21  High Templar x4  
  151  9:22  Zealot x3  
  165  9:24  Pylon  
  165  9:26  Archon x2  
  165  9:36  Probe  
  136  9:44  Stalker x3  
  123  9:45  Probe  
  123  9:49  Probe  
  123  9:51  Zealot  
  116  9:55  Stalker x2, Zealot  
  116  9:56  Probe (Chrono Boost)  
Tags
 
Add a new tag
Caveats
  • Supply blocks, unpowered buildings, or Contaminate may cause inaccurate times.
  • Supply counts are checked every 10 seconds.